 Dungeon Crawl Stone Soup version 0.27-a0-200-g8ba017916c (webtiles) character file.

Game seed: 9493192737755921618

1703 gimp the Covert (level 8, -2/30 (35) HPs)
             Began as a Felid Wanderer on Jan 30, 2021.
             Was a High Priest of Ru.
             Shot with an arrow by a centaur (7 damage)
             ... on level 11 of the Dungeon.
             The game lasted 00:37:38 (16485 turns).

gimp the Covert (Felid Wanderer)                   Turns: 16485, Time: 00:37:39

HP:   -2/30 (35)    AC:  2    Str:  8    XL:     8   Next: 73%
MP:   18/18         EV: 26    Int: 16    God:    Ru [*****.]
Gold: 592           SH:  0    Dex: 17    Spells: 9/19 levels left
                                        Lives: 0   Deaths: 3

rFire    + . .     SeeInvis +     - Unarmed
rCold    . . .     Faith    .   (shield unavailable)
rNeg     . . .     Spirit   .   (armour unavailable)
rPois    .         Reflect  .   (helmet unavailable)
rElec    .         Harm     .   (cloak unavailable)
rCorr    .         Rampage  .   (gloves unavailable)
Will     +....                  (boots unavailable)
Stlth    ++++++....             (no amulet)
HPRegen  0.10/turn              e - +4 ring of evasion
MPRegen  0.16/turn              i - ring of protection from fire

@: no potions, studying Fighting, heavily drained, quick
A: very small, no armour, no weapons or thrown items, stealth, claws 1, fangs 3,
see invisible, speed 1, frail 1, shaggy fur 2, inability to drink while
threatened, inexperienced 1, sharp paws
a: Renounce Religion, Draw Out Power, Power Leap, Apocalypse


You were on level 11 of the Dungeon.
You worshipped Ru.
Ru was extremely pleased with you.
You visited 2 branches of the dungeon, and saw 12 of its levels.
You also visited: Bailey.

You collected 592 gold pieces.

Inventory:

Jewellery
 e - a +4 ring of evasion (left paw)
 i - a ring of protection from fire (right paw)
 w - an uncursed ring of stealth {unknown}
Wands
 f - a wand of acid (7)
 j - a wand of flame (8)
 y - a wand of polymorph (7)
Scrolls
 c - 8 scrolls of teleportation
 d - a scroll of magic mapping
 n - 9 scrolls of remove curse
 o - 2 scrolls of immolation
 r - 2 scrolls of blinking
 t - a scroll of vulnerability {unknown}
Potions
 a - 4 potions of haste
 b - 3 potions of curing
 h - a potion of mutation
 k - a potion of heal wounds
 l - 5 potions of might
 m - a potion of ambrosia {unknown}
 p - a potion of brilliance {unknown}
 q - a potion of resistance
 s - a potion of degeneration {unknown}
 u - a potion of cancellation
 v - a potion of flight {unknown}
 x - a potion of lignification
Books
 g - a manual of Fighting


   Skills:
 - Level 6.5 Fighting
 - Level 7.0 Dodging
 + Level 12.0 Stealth
 - Level 11.0 Unarmed Combat
 - Level 6.0 Spellcasting
 + Level 2.4 Conjurations
 - Level 5.0 Hexes
 - Level 3.0 Ice Magic
 - Level 1.1 Evocations


You had 9 spell levels left.
You knew the following spells:

 Your Spells              Type           Power        Failure   Level
a - Ensorcelled Hibernat  Hex/Ice        34%          4%          2
b - Confusing Touch       Hex            20%          5%          3
c - Bolt of Magma         Conj/Fire/Erth 3%           95%         5

Your spell library contained the following spells:

 Spells                   Type           Power        Failure   Level
 Corona                   Hex            22%          1%          1
 Tukima's Dance           Hex            20%          5%          3
 Dazzling Flash           Conj/Hex       32%          9%          3
 Airstrike                Air            2%           80%         4
 Iskenderun's Battlesphe  Conj           12%          80%         5
 Silence                  Hex/Air        6%           80%         5
 Lightning Bolt           Conj/Air       4%           93%         5
 Iron Shot                Conj/Erth      4%           100%        6
 Orb of Destruction       Conj           6%           100%        7
 Spellforged Servitor     Conj/Summ      4%           100%        7


Dungeon Overview and Level Annotations

Branches:
Dungeon (11/15)            Temple (1/1) D:6            Lair (0/6) D:8
 Bailey (visited)
    Orc: D:9-12

Altars:
Ashenzari
Cheibriados
Dithmenos
Elyvilon
Fedhas
Gozag
Hepliaklqana
Kikubaaqudgha
Makhleb
Nemelex Xobeh
Okawaru
Qazlal
Ru
Sif Muna
Trog
Uskayaw
Vehumet
Wu Jian
Xom
Yredelemnul
Zin
The Shining One

Annotations:
D:3 Grinder


Innate Abilities, Weirdness & Mutations

You cannot wear armour.
You are incapable of wielding weapons or throwing items.
Your paws allow you to move quietly. (Stealth)
You have sharp claws.
You have razor-sharp teeth.
You have supernaturally acute eyesight. (SInv)
You cover ground quickly.
You are frail. (-10% HP)
You are covered in thick fur. (AC +2)
You cannot drink potions while threatened.
You are somewhat inexperienced. (-2 XL)
Your sharp claws are effective at attacking unaware monsters.


Message History

You start resting.
HP restored.
Health restored: 30 You climb downwards.
A worker ant comes into view.
The centaur shoots an arrow.
The arrow misses you.
The centaur shoots an arrow.
The arrow hits you! The howler monkey barely misses you.
The centaur shoots an arrow.
The arrow closely misses you.
The centaur is stunned by your conviction and fails to attack.
There is a stone staircase leading up here.
You take 12 damage, and have 18/30 hp.
MASSIVE DAMAGE!!
The centaur shoots an arrow.
The arrow hits you.
You feel threatened and lose the ability to drink potions!
The centaur shoots an arrow.
The arrow hits you. The howler monkey closely misses you.
The centaur shoots an arrow.
The arrow hits you.
* * * LOW HITPOINT WARNING * * *
The howler monkey hoots and howls with incredible vigour!
The centaur shoots an arrow.
The arrow hits you!
You die...
P.P.P.P .P.P.P.P.P.P.P... ....... .................( ....... .................. ....... ..................
P.P.P.P

.P.P.P.P.P.P.P.P..
.......
..................
.......
.........c........
.......
.......@.c........
.......
.....##h..(.......
.......
.........[..cB....
.......
.......[..........


.♣.PPPP ...P♣♣...#........ ..♣P♣.P ..P ♣..###....... .PP.... ♣.S# ##...?. ......
...# .#.## ....⌠ PP..# .### You could see 3 centaurs, a howler monkey (catching
breath), a worker ant and an adder (wandering).

Vanquished Creatures
  A two-headed ogre (D:9)
  An unseen horror (D:11)
  A centaur zombie (D:9)
  A centaur skeleton (D:10)
  3 trolls
  A hornet (D:11)
  A yak (D:8)
  2 water moccasins
  13 orc warriors
  2 ice beasts
  2 sky beasts
  3 black bears
  5 phantoms
  7 ogres
  6 centaurs
  A big kobold (D:9)
  7 bullfrogs
  A gnoll sergeant (D:9)
  A wyvern zombie (D:10)
  7 scorpions
  12 killer bees
  12 wights
  3 howler monkeys
  A crimson imp (D:7)
  A bullfrog zombie (D:7)
  4 jellies
  A quasit (D:7)
  6 orc priests
  6 hounds
  Natasha (twice) (D:4)
  3 iguanas
  5 orc wizards
  8 worker ants
  2 howler monkey skeletons
  15 adders
  9 gnolls
  2 shadow imps
  An ufetubus (D:10)
  3 adder zombies
  A dart slug (D:1)
  3 leopard geckos
  74 orcs
  9 bats
  4 giant cockroaches
  6 goblins
  7 hobgoblins
  5 jackals
  13 kobolds
  6 quokkas
  A ball python (D:2)
  6 frilled lizards
  A jackal skeleton (D:4)
  9 rats
307 creatures vanquished.

Vanquished Creatures (others)
  An orc (D:9)
  18 fungi (D:8)
  12 plants (D:8)
31 creatures vanquished.

Grand Total: 338 creatures vanquished

Notes
Turn   | Place    | Note
-------+----------+-------------------------------------------
     0 | D:1      | gimp the Felid Wanderer began the quest for the Orb.
     0 | D:1      | gimp set off with the following items: 2 potions of haste,
                  | 2 potions of lignification
     0 | D:1      | Reached XP level 1. HP: 11/11 MP: 2/2
   307 | D:1      | Reached XP level 2. HP: 15/15 MP: 3/3
   830 | D:1      | Reached skill level 5 in Fighting
   830 | D:1      | Reached XP level 3. HP: 19/19 MP: 4/4
  1398 | D:2      | Reached XP level 4. HP: 15/23 MP: 5/5
  2100 | D:2      | Found a sparkling altar of Nemelex Xobeh.
  2201 | D:3      | Noticed Grinder
  2574 | D:3      | Reached skill level 2 in Stealth
  2835 | D:3      | Reached XP level 5. HP: 27/27 MP: 6/6
  3026 | D:3      | Learned a level 2 spell: Ensorcelled Hibernation
  3126 | D:3      | Reached skill level 3 in Stealth
  3641 | D:4      | Reached skill level 1 in Hexes
  3684 | D:4      | Noticed Natasha
  3690 | D:4      | Killed Natasha
  4260 | D:4      | Noticed Natasha
  4270 | D:4      | HP: 1/28 [Natasha (7)]
  4271 | D:4      | Killed Natasha
  4272 | D:4      | Gained mutation: You are covered in thick fur. (AC +2)
                  | [Felid growth]
  4272 | D:4      | Reached XP level 6. HP: 1/31 MP: 7/7
  4630 | D:5      | Entered Level 5 of the Dungeon
  4630 | D:5      | Noticed a water moccasin
  4659 | D:3      | Killed a water moccasin
  4660 | D:3      | Reached skill level 4 in Stealth
  4666 | D:3      | HP: 2/46 [poisoned by a water moccasin]
  4674 | D:3      | HP: 2/46 [poisoned by a water moccasin]
  4682 | D:3      | HP: 1/46 [poisoned by a water moccasin]
  5069 | D:5      | Found a glowing golden altar of the Shining One.
  5322 | D:5      | Found a broken altar of Ashenzari.
  5323 | D:5      | Found a hazy altar of Hepliaklqana.
  5520 | D:5      | Reached skill level 1 in Dodging
  5520 | D:5      | Reached skill level 5 in Hexes
  5520 | D:5      | Reached XP level 7. HP: 35/35 MP: 8/8
  5652 | D:4      | Reached skill level 5 in Stealth
  5652 | D:4      | Reached skill level 1 in Ice Magic
  6339 | D:6      | Found a staircase to the Ecumenical Temple.
  6346 | D:6      | Identified Sif Muna's Almanac of Gliding Conjuration
  6351 | Temple   | Entered the Ecumenical Temple
  6494 | Temple   | Became a worshipper of Ru the Awakened
  7331 | D:6      | Found a shimmering altar of Xom.
  7511 | D:6      | Learned a level 3 spell: Confusing Touch
  7614 | D:7      | Reached skill level 6 in Stealth
  7641 | D:7      | Reached skill level 5 in Dodging
  7641 | D:7      | Reached XP level 8. HP: 24/39 MP: 9/9
  7881 | D:7      | Gained mutation: You cannot drink potions while threatened.
                  | [Ru sacrifice]
  7881 | D:7      | Reached * piety under Ru
  7948 | D:7      | Reached skill level 1 in Spellcasting
  8015 | D:6      | Slain by an orc warrior
  8016 | D:6      | Reached XP level 7. HP: -1/35 MP: 9/9
  8420 | D:7      | Reached skill level 7 in Stealth
  8423 | D:7      | Reached skill level 5 in Unarmed Combat
  8593 | D:7      | Found an ornate altar of the Wu Jian Council.
  8644 | D:7      | Found a burning altar of Makhleb.
  8645 | D:7      | Found a radiant altar of Vehumet.
  8758 | D:8      | Reached XP level 8. HP: 30/39 MP: 11/11
  8937 | D:8      | Learned a level 5 spell: Bolt of Magma
  9247 | D:8      | Reached skill level 8 in Stealth
  9768 | D:8      | Found a staircase to the Lair.
  9771 | D:8      | Reached XP level 9. HP: 42/42 MP: 13/15
 10195 | D:8      | Reached skill level 9 in Stealth
 10839 | D:9      | Found a flagged portal.
 11011 | Bailey   | Entered a bailey
 11178 | Bailey   | Gained mutation: You are frail. (-10% HP) [Ru sacrifice]
 11178 | Bailey   | Reached ** piety under Ru
 11178 | Bailey   | Reached *** piety under Ru
 11297 | Bailey   | Shot with a bolt by an orc
 11298 | Bailey   | Reached XP level 8. HP: -9/35 MP: 15/15
 11493 | Bailey   | Reached XP level 9. HP: 34/35 MP: 14/17
 11675 | Bailey   | Reached skill level 10 in Stealth
 11861 | Bailey   | Noticed an orc knight
 11975 | D:9      | Reached skill level 5 in Spellcasting
 13523 | D:10     | Entered Level 10 of the Dungeon
 13523 | D:10     | Noticed a troll
 13664 | D:9      | Killed a troll
 13880 | D:10     | Noticed a two-headed ogre
 14327 | D:9      | Killed a two-headed ogre
 14328 | D:9      | Reached skill level 11 in Stealth
 14328 | D:9      | Reached skill level 10 in Unarmed Combat
 14328 | D:9      | Reached XP level 10. HP: 8/41 MP: 6/19
 15209 | D:10     | Reached skill level 1 in Conjurations
 15243 | D:10     | Gained mutation: You are somewhat inexperienced. (-2 XL)
                  | [Ru sacrifice]
 15243 | D:10     | Reached XP level 9. HP: 37/37 MP: 19/19
 15243 | D:10     | Reached XP level 8. HP: 35/35 MP: 18/18
 15243 | D:10     | Reached **** piety under Ru
 15243 | D:10     | Reached ***** piety under Ru
 15578 | D:10     | Reached XP level 9. HP: 22/37 MP: 16/19
 16213 | D:11     | Noticed an unseen horror
 16227 | D:11     | Killed an unseen horror
 16369 | D:11     | Slain by a water elemental
 16370 | D:11     | Reached XP level 8. HP: -2/35 MP: 18/18
 16406 | D:11     | Reached skill level 12 in Stealth
 16485 | D:11     | Shot with an arrow by a centaur

Illustrated notes

Levels and vault maps discovered:
D:1:      dpeg_arrival_stonehenge_8_columns, layout_basic
D:2:      layout_basic, nemelex_altar_shiori, minmay_fractal_squares_5
D:3:      layout_basic, nrook_mini_backslash, kennysheep_cluttered_room,
          uniq_grinder
D:4:      layout_rooms, kennysheep_generic_room_8, uniq_natasha
D:5:      layout_rooms, old_standard_altar, lemuel_doored_altar, basic_altar
D:6:      layout_loops_corners, minmay_temple_entry_statues_pillars,
          xom_teletrap_fun
D:7:      minmay_evil_eye, layout_cave_pools, marbit_many_paths,
          grunt_temple_overflow_lords_of_destruction,
          hangedman_decor_diamond_cutter
D:8:      layout_basic, grunt_lair_entry_orc_guard_hut, special_room
          [special_room_orc]
D:9:      layout_cave_pods, enter_bailey_2
D:10:     layout_cave_pools, minmay_misc_feat_x
D:11:     layout_cave_pools, serial_park, serial_park_avenue1,
          serial_park_tiny_2, serial_park_paths [serial_park_minivault_5x5_5],
          serial_park_tiny_pond
Temple:   eino_temple_rhombus

Skill      XL: |  1  2  3  4  5  6  7  8  9 10 |
---------------+-------------------------------+-----
Fighting       | 5 6 |  6.5
Stealth        | 2 3 4 7 12 11 | 12.0
Hexes          | 3 5 |  5.0
Dodging        | 1 6 7 |  7.0
Ice Magic      | 3 |  3.0
Spellcasting   | 3 5 6 |  6.0
Unarmed Combat | 5 6 11 | 11.0
Conjurations   | 2 1 |  2.4
Evocations     | |  1.1

Action                   |  1- 3 |  4- 6 |  7- 9 | 10-12 || total
-------------------------+-------+-------+-------+-------++-------
Melee: Unarmed           |    96 |   197 |   642 |    57 ||   992
       Bite              |     4 |    24 |    64 |     4 ||    96
       Punch             |       |     2 |    16 |     1 ||    19
 Cast: Ensorcelled Hiber |       |       |    99 |    18 ||   117
       Confusing Touch   |       |       |     3 |     1 ||     4
Invok: Draw Out Power    |       |       |     3 |       ||     3
       Apocalypse        |       |       |     1 |       ||     1
       Sacrifice Drink   |       |       |     1 |       ||     1
       Sacrifice Experie |       |       |     1 |       ||     1
       Sacrifice Health  |       |       |     1 |       ||     1
Evoke: Wand              |       |       |    28 |       ||    28
  Use: Potion            |       |     4 |       |       ||     4
       Scroll            |       |     6 |    10 |     1 ||    17
 Stab: Sleeping          |     8 |    11 |    80 |     7 ||   106
       Distracted        |       |       |     2 |     1 ||     3
       Paralysed         |       |       |     1 |       ||     1
       Confused          |       |       |     2 |     1 ||     3
       Invisible         |       |       |     1 |       ||     1
Armor: Skin              |     3 |    22 |    11 |     4 ||    40
Dodge: Dodged            |    73 |   123 |   605 |    55 ||   856

Table legend: (Time is in decaauts)
 A = Elapsed time spent in this place.
 B = Non-inter-level travel time spent in this place.
 C = Inter-level travel time spent in this place.
 D = Time resting spent in this place.
 E = Time spent auto-exploring this place.
 F = Levels seen in this place.
 G = Mean time per level.
                   A        B        C        D        E       F      G
               +--------+--------+--------+--------+--------+-----+--------+
         Total |  14950 |  14449 |    501 |   2820 |   8600 |  13 | 1150.0 |
       Dungeon |  14042 |  13565 |    477 |   2804 |   8072 |  11 | 1276.5 |
        Temple |    124 |    100 |     24 |      0 |     97 |   1 |  124.0 |
        Bailey |    783 |    783 |      0 |     15 |    430 |   1 |  783.0 |
               +--------+--------+--------+--------+--------+-----+--------+

Top non-repeatable levels by time:
     D:9: 2541 daAuts
     D:8: 2345 daAuts
     D:4: 1590 daAuts
     D:3: 1559 daAuts
    D:10: 1366 daAuts
     D:2: 1325 daAuts
     D:7: 860 daAuts
     D:6: 805 daAuts
     D:5: 803 daAuts
  Bailey: 783 daAuts
     D:1: 737 daAuts
  Temple: 124 daAuts
    D:11: 106 daAuts
